 Dungeon Crawl Stone Soup version 0.28.0-53-g5a82cb258f (webtiles) character file.

Game seed: 5052932083866010484

21 DemonSlayer the Firebug (level 2, 0/19 HPs)
             Began as a Demonspawn Fire Elementalist on July 21, 2022.
             Frozen to death by an endoplasm (2 damage)
             ... on level 1 of the Dungeon.
             The game lasted 00:02:20 (528 turns).

DemonSlayer the Firebug (DsFE)                       Turns: 528, Time: 00:02:20

Health: 0/19       AC:  2    Str:  8    XL:     2   Next: 65%
Magic:  2/5        EV: 12    Int: 16    God:
Gold:   10         SH:  0    Dex: 13    Spells: 2/5 levels left

rFire   . . .      SeeInvis .   e - +1 dagger (freeze)
rCold   . . .      Faith    .   (no shield)
rNeg    . . .      Spirit   .   a - +0 robe
rPois   .          Reflect  .   (no helmet)
rElec   .          Harm     .   (no cloak)
rCorr   .          Rampage  .   (no gloves)
Will    .....                   (no boots)
Stlth   ++........              (no amulet)
HPRegen 0.06/turn               d - ring of flight
MPRegen 0.09/turn               (no ring)

@: flying
A: powered by pain 1
a: no special abilities


You were on level 1 of the Dungeon.
You visited 1 branch of the dungeon, and saw 1 of its levels.

You collected 10 gold pieces.

Inventory:

Hand Weapons
 e - a +1 dagger of freezing (weapon)
Armour
 a - a +0 robe (worn)
Jewellery
 d - a ring of flight (left hand)
Scrolls
 c - a scroll of enchant armour {unknown}
Potions
 b - a potion of ambrosia {unknown}


   Skills:
 + Level 1.8 Dodging
 + Level 1.7 Stealth
 + Level 2.3 Spellcasting
 + Level 1.2 Conjurations
 + Level 3.2 Fire Magic


You had 2 spell levels left.
You knew the following spells:

 Your Spells              Type           Power      Damage    Failure   Level
a - Foxfire               Conj/Fire      36%        2x1d5     8%          1
b - Scorch                Fire           24%        2d6       9%          2

Your spell library contained the following spells:

 Spells                   Type           Power      Damage    Failure   Level
 Conjure Flame            Conj/Fire      9%         6-21      24%         3
 Inner Flame              Hex/Fire       7%         N/A       30%         3
 Flame Wave               Conj/Fire      9%         2d5       61%         4


Dungeon Overview and Level Annotations

Branches:
Dungeon (1/15)

Altars:


Innate Abilities, Weirdness & Mutations

You sometimes gain a little power by taking damage.


Message History

The giant cockroach misses you.
You hit the kobold. You freeze the kobold.
You kill the kobold!
The giant cockroach barely misses you.
You hit the giant cockroach but do no damage.
The giant cockroach bites you but does no damage.
The giant cockroach barely misses you.
You closely miss the giant cockroach. The giant cockroach closely misses you.
The endoplasm quivers.
You hit the giant cockroach. You freeze the giant cockroach.
The giant cockroach is severely wounded.
The giant cockroach barely misses you.
You hit the giant cockroach but do no damage.
The giant cockroach is heavily wounded.
The giant cockroach barely misses you.
You hit the giant cockroach. You freeze the giant cockroach.
The giant cockroach is almost dead.
The giant cockroach barely misses you.
You hit the giant cockroach but do no damage.
The giant cockroach is almost dead.
The giant cockroach bites you but does no damage.
The giant cockroach bites you.
* * * LOW HITPOINT WARNING * * *
You hit the giant cockroach but do no damage.
The giant cockroach is almost dead.
The giant cockroach closely misses you.
You hit the giant cockroach but do no damage.
The giant cockroach is almost dead.
The giant cockroach closely misses you.
You hit the giant cockroach. You freeze the giant cockroach.
You kill the giant cockroach!
The endoplasm misses you.
You hit the endoplasm. You freeze the endoplasm.
The endoplasm is moderately wounded.
The endoplasm misses you.
You barely miss the endoplasm.
The endoplasm is moderately wounded.
The endoplasm freezes you.
You are frozen.
You die...

.......##..##........#
#.....##..........)†## .
##..........#.....)(..###...
...........(#.......)†......
.###.##......#....$........#
.............##.....#.....##
.....................######
.....##.....#...J....#
................@....#
....#########........# ....#
#........# ##### ##########


You could see an endoplasm.

Vanquished Creatures
  A dart slug (D:1)
  3 ball pythons (D:1)
  An endoplasm (D:1)
  A giant cockroach (D:1)
  4 jackals (D:1)
  A quokka (D:1)
  6 kobolds (D:1)
17 creatures vanquished.

Vanquished Creatures (others)
  56 foxfires (D:1)
56 creatures vanquished.

Grand Total: 73 creatures vanquished

Notes
Turn   | Place    | Note
-------+----------+-------------------------------------------
     0 | D:1      | DemonSlayer the Demonspawn Fire Elementalist began the
                  | quest for the Orb.
     0 | D:1      | Reached XP level 1. HP: 13/13 MP: 3/3
    82 | D:1      | Reached skill level 3 in Fire Magic
   261 | D:1      | Gained mutation: You sometimes gain a little power by
                  | taking damage. [demonic ancestry]
   261 | D:1      | Reached XP level 2. HP: 19/19 MP: 0/5
   264 | D:1      | Learned a level 2 spell: Scorch
   528 | D:1      | Frozen to death by an endoplasm

Illustrated notes

Levels and vault maps discovered:
D:1:      dpeg_arrival_more_subterranean_lakeside_camping, layout_rooms,
          dilly_ecumenical_altar_fadedgnrine, minmay_three_crescents

Skill      XL: |  1 |
---------------+----+-----
Fire Magic     | 3 |  3.2
Dodging        | |  1.8
Stealth        | |  1.7
Spellcasting   | |  2.3
Conjurations   | |  1.2

Action                   || total
-------------------------++-------
Melee: Unarmed           ||     2
       Dagger            ||    19
 Cast: Foxfire           ||    31
Armor: Robe              ||    11
Dodge: Dodged            ||    28
